 Dungeon Crawl Stone Soup version 0.31.0-11-ge490571c62 (webtiles) character file.

Game seed: 9144380450700994406

5138 mandarbmax the Markskobold (level 10, -1/61 HPs)
             Began as a Kobold Hunter on Feb 3, 2024.
             Was a Follower of Dithmenos.
             Succumbed to a hornet's poison
             ... while paralysed by a hornet
             ... on level 8 of the Dungeon.
             The game lasted 00:14:22 (7694 turns).

mandarbmax the Markskobold (Kobold Hunter)          Turns: 7694, Time: 00:14:22

Health: -1/61      AC:  4    Str:  8    XL:     10   Next: 89%
Magic:  10/10      EV:  3    Int: 11    God:    Dithmenos [*.....]
Gold:   282        SH:  0    Dex: 35    Spells: 9/9 levels left

rFire   . . .        J - +0 orcbow
rCold   . . .        (shield currently unavailable)
rNeg    . . .        c - +0 leather armour
rPois   .            (no helmet)
rElec   .            (no cloak)
rCorr   .            (no gloves)
SInv    .            t - +0 pair of boots
Will    .....        (no amulet)
Stlth   +++++        e - +6 ring of dexterity
HPRegen 0.30/turn    g - +6 ring of dexterity
MPRegen 0.12/turn

%: no passive effects
@: paralysed, lethally poisoned (-1 -> -14), slowed, wreathed by umbra
A: small, no large weapons, nightstalker 3
a: Renounce Religion


You were on level 8 of the Dungeon.
You worshipped Dithmenos.
Dithmenos was aware of your devotion.
You visited 1 branch of the dungeon, and saw 8 of its levels.
You also visited: Ossuary.

You collected 464 gold pieces.
You spent 182 gold pieces at shops.

Inventory:

Hand Weapons
 a - a +0 shortbow
 J - a +0 orcbow (weapon)
Armour
 c - a +0 leather armour (worn)
 t - a +0 pair of boots (worn)
 K - a +0 pair of gloves
Jewellery
 e - a +6 ring of dexterity (left hand)
 g - a +6 ring of dexterity (right hand)
 s - a ring of ice
 v - a ring of protection from cold
 H - a ring of protection from fire
Wands
 w - a wand of mindburst (16)
 x - a wand of roots (17)
 A - a wand of flame (14)
Scrolls
 f - 6 scrolls of identify
 k - a scroll of amnesia
 l - a scroll of enchant armour
 n - a scroll of immolation {unknown}
 q - 3 scrolls of revelation
 y - a scroll of enchant weapon {unknown}
 z - a scroll of silence {unknown}
 I - a scroll of brand weapon {unknown}
Potions
 b - 3 potions of brilliance
 d - 2 potions of enlightenment {unknown}
 h - 4 potions of attraction
 i - a potion of degeneration {unknown}
 j - 8 potions of curing
 m - 2 potions of cancellation
 o - a potion of invisibility {unknown}
 p - 2 potions of magic {unknown}
 u - 3 potions of might {unknown}
 B - 2 potions of haste {unknown}
 C - 2 potions of mutation {unknown}
 D - a potion of berserk rage {unknown}
 E - a potion of lignification
 F - a potion of ambrosia


   Skills:
 + Level 6.9 Fighting
 - Level 16.0 Ranged Weapons
 + Level 8.9 Dodging
 - Level 4.0 Stealth


You had 9 spell levels left.
You didn't know any spells.
Your spell library contained the following spells:

 Spells                   Type           Power      Damage    Failure   Level
 Shock                    Conj/Air       0%         1d3       45%         1
 Summon Small Mammal      Summ           0%         N/A       45%         1
 Cigotuvi's Dreadful Rot  Necr/Alch/Air  0%         N/A       61%         2
 Call Canine Familiar     Summ           0%         N/A       83%         3
 Swiftness                Air            0%         N/A       83%         3
 Airstrike                Air            0%         2d(0-16)  99%         4
 Ignite Poison            Fire/Alch      0%         N/A       99%         4
 Summon Blazeheart Golem  Fire/Summ      0%         N/A       99%         4
 Freezing Cloud           Conj/Ice/Air   0%         6-21      100%        5


Dungeon Overview and Level Annotations

Branches:
Dungeon (8/15)             Temple (0/1) D:7         Ossuary (visited)
   Lair: D:8-11

Altars:
Dithmenos
Elyvilon
Fedhas
Makhleb
Nemelex Xobeh
Sif Muna
Vehumet
Zin

Shops:
D:5 !   D:6 *(

Annotations:
D:3 1 runed translucent door, Crazy Yiuf
D:7 3 runed translucent doors, Gadfly's ghost, novice DsMo


Innate Abilities, Weirdness & Mutations

You are small and have problems with some larger weapons.
You are completely attuned to the shadows.


Message History

Aim: a centaur, carrying a wand of paralysis (80% to hit)
You shoot an arrow.
The arrow hits the hornet but does no damage.
The hornet is moderately wounded.
The hornet stings you.
* * * LOW HITPOINT WARNING * * *
You feel yourself slow down. The orc warrior misses you.
Fire: J) +0 orcbow
Press: ? - help, Q - select action, (/) - cycle Shift-Dir - straight line, f - orc warrior
Aim: an orc warrior, wielding a +0 glaive and wearing a +0 chain mail (71% to hit)
You shoot an arrow. The arrow hits the hornet!!
The hornet is almost dead.
Your surroundings suddenly seem different.
Okay, then.
As you read the scroll labelled MUNTUT LIVOANA, it crumbles to dust.
It is a scroll of identify.
l - a scroll of enchant armour The centaur completely misses you.
The centaur misses you. The centaur completely misses you.
The centaur kicks you but does no damage.
The orc warrior unwields a +0 glaive.
The orc warrior wields a +0 orcbow.
The orc warrior shoots an arrow.
The arrow barely misses you. The centaur misses you.
The centaur completely misses you.
It was a potion of attraction.
You feel attractive to monsters.
You feel yourself speed up.
The centaur completely misses you. x2; The orc warrior unwields a +0 orcbow.
The orc warrior wields a +0 glaive.
The orc warrior misses you.
It was a potion of cancellation.
Your magical effects are unravelling.
You feel magically purged. The hornet stings you.
* * * LOW HITPOINT WARNING * * *
You suddenly lose the ability to move!
You feel less attractive to monsters. The hornet stings you!
* * * LOW HITPOINT WARNING * * *
You are lethally poisoned!
You feel yourself slow down.
The orc warrior hits you with a +0 glaive.
* * * LOW HITPOINT WARNING * * *
The hornet stings you but does no damage.
You die...

#......#..#......#
#####..#..#..#####
#......#..#......#
#......#..#......#
#))#####..#####..#
#..(...#..#......#
#......#..#......#
#####..#..#..#####
#..)#..#..#..#cy@#
#.))#..#..#..#.8o#
#)..†..#..#..†.!.#
########..########
#........#
##.......#
#.......#
#.......#
###.#####


You could see a hornet, an orc warrior and a centaur.

Vanquished Creatures
  Jeremiah (D:7)
  A queen bee (shapeshifter) (D:8)
  2 yaks
  A basilisk (D:8)
  A steam dragon (D:8)
  3 water moccasins
  2 ice beasts
  4 orc warriors
  3 sky beasts
  2 black bears
  2 ogres
  3 centaurs
  2 phantoms (D:6)
  3 kobold brigands
  A scorpion (D:7)
  2 bullfrogs (D:7)
  3 wights
  5 water moccasin zombies (Ossuary)
  A burial acolyte (Ossuary)
  A killer bee (D:8)
  4 howler monkeys
  5 hounds
  A spectral scorpion (Ossuary)
  2 gnoll boudas
  2 jellies
  3 orc priests
  5 iguanas
  5 orc wizards
  5 sleepcaps
  A bullfrog simulacrum (Ossuary)
  A crocodile zombie (Ossuary)
  2 mummies (Ossuary)
  5 adders
  7 gnolls
  2 shadow imps
  3 white imps
  4 adder zombies (Ossuary)
  A ribbon worm (D:4)
  7 dart slugs
  30 orcs
  9 endoplasms
  5 giant cockroaches
  6 goblins
  5 hobgoblins
  5 quokkas
  9 ball pythons
  10 bats
  3 frilled lizards
  7 gnoll zombies (Ossuary)
  3 jackal zombies (Ossuary)
  18 kobolds
  6 orc zombies (Ossuary)
  6 rats
230 creatures vanquished.

Notes
Turn   | Place    | Note
-------+----------+-------------------------------------------
     0 | D:1      | mandarbmax the Kobold Hunter began the quest for the Orb.
     0 | D:1      | Reached XP level 1. HP: 12/12 MP: 1/1
    50 | D:1      | Reached XP level 2. HP: 17/17 MP: 2/2
   268 | D:1      | Reached skill level 6 in Ranged Weapons
   312 | D:1      | Reached XP level 3. HP: 21/21 MP: 3/3
  1099 | D:2      | Reached XP level 4. HP: 26/26 MP: 4/4
  1283 | D:2      | Reached skill level 7 in Ranged Weapons
  1643 | D:2      | HP: 1/26 [gnoll/+0 spear (6)]
  1996 | D:3      | Identified the +0 scale mail "Vaogitt" {Rampage rC- Str+3
                  | Int+7}
  2018 | D:3      | Found a runed translucent door.
  2021 | D:3      | Noticed Crazy Yiuf
  2047 | D:3      | Reached XP level 5. HP: 30/30 MP: 5/5
  2060 | D:3      | Found a shimmering blue altar of Sif Muna.
  2137 | D:3      | Found a shadowy altar of Dithmenos.
  2737 | D:4      | Reached skill level 8 in Ranged Weapons
  2790 | D:4      | Reached XP level 6. HP: 36/36 MP: 6/6
  2825 | D:4      | Found a radiant altar of Vehumet.
  3193 | D:4      | Reached skill level 9 in Ranged Weapons
  3265 | D:5      | Entered Level 5 of the Dungeon
  3339 | D:5      | Reached XP level 7. HP: 41/41 MP: 7/7
  3353 | D:5      | Found a burning altar of Makhleb.
  3790 | D:5      | Reached skill level 5 in Dodging
  3796 | D:5      | Found Vaarphuu's Distillery.
  3801 | D:5      | Bought a potion of curing for 39 gold pieces
  3801 | D:5      | Bought a potion of lignification for 39 gold pieces
  3801 | D:5      | Bought a potion of ambrosia for 104 gold pieces
  3893 | D:5      | Reached skill level 10 in Ranged Weapons
  3955 | D:5      | Found a sparkling altar of Nemelex Xobeh.
  4184 | D:6      | Found a sand-covered staircase.
  4189 | Ossuary  | Entered an ossuary
  4255 | Ossuary  | Reached XP level 8. HP: 35/46 MP: 8/8
  4353 | Ossuary  | Reached skill level 11 in Ranged Weapons
  4737 | D:6      | Reached skill level 12 in Ranged Weapons
  4831 | D:6      | Reached XP level 9. HP: 44/52 MP: 9/9
  4879 | D:6      | Found a blossoming altar of Fedhas.
  5228 | D:6      | Found Fiohuonash's Antique Weapon Shop.
  5368 | D:6      | Found a glowing silver altar of Zin.
  5445 | D:6      | Reached skill level 13 in Ranged Weapons
  5672 | D:6      | Reached skill level 5 in Fighting
  5767 | D:6      | Found Pugint's Practical Paraphernalia.
  6078 | D:7      | Found a runed translucent gate.
  6193 | D:7      | Reached skill level 14 in Ranged Weapons
  6212 | D:7      | Reached XP level 10. HP: 27/60 MP: 10/10
  6348 | D:7      | Noticed Jeremiah
  6372 | D:7      | Killed Jeremiah
  6404 | D:7      | Found a staircase to the Ecumenical Temple.
  6510 | D:3      | Became a worshipper of Dithmenos the Shadowed
  6586 | D:7      | Found a runed translucent gate.
  6587 | D:7      | Found a runed translucent gate.
  6948 | D:7      | Reached skill level 15 in Ranged Weapons
  7153 | D:7      | Found a white marble altar of Elyvilon.
  7248 | D:7      | Noticed Gadfly's ghost (novice DsMo)
  7478 | D:8      | Noticed an entropy weaver
  7488 | D:8      | an entropy weaver changed into a queen bee
  7494 | D:8      | Reached skill level 16 in Ranged Weapons
  7600 | D:8      | Reached * piety under Dithmenos
  7692 | D:8      | Paralysed by a hornet for 3 turns
  7693 | D:8      | HP: 1/61 [orc warrior/+0 glaive (5)]
  7694 | D:8      | Succumbed to a hornet's poison

Illustrated notes

Levels and vault maps discovered:
D:1:      saegor_arrival_simple_e, layout_basic
D:2:      layout_basic, nicolae_twisty_statue_hallways
D:3:      layout_basic, mainiacjoe_overflow_catwalk, kennysheep_orc_sif_temple,
          minmay_distorted, uniq_crazy_yiuf_cottage
D:4:      layout_basic, mainiacjoe_overflow_paths
D:5:      layout_gridville, mainiacjoe_overflow_divided_tiny, serial_shops, shop
D:6:      minmay_razor_zed, layout_cave_pools, mainiacjoe_overflow_alcove_1,
          old_standard_altar, serial_shops, shop, enter_ossuary_5,
          nicolae_alphabet_shops
D:7:      cheibrodos_fzero, layout_loops_ring, nicolae_elyvilon_peaceful_grove,
          minmay_temple_entry_sparse_star, gammafunk_ghost_split,
          minmay_misc_feat_tower, uniq_jeremiah
D:8:      kennysheep_windowed_halls, layout_loops_ring, erik_lair_dragon,
          serial_shops, nicolae_shop_window_shopping, kennysheep_little_box

Skill      XL: |  1  2  3  4  5  6  7  8  9 10 |
---------------+-------------------------------+-----
Ranged Weapons | 6 7 8 9 10 12 14 16 | 16.0
Dodging        | 3 4 5 7 8 |  8.9
Fighting       | 3 4 6 |  6.9
Stealth        | 3 4 |  4.0

Action                     |  1- 3 |  4- 6 |  7- 9 | 10-12 || total
---------------------------+-------+-------+-------+-------++-------
   Fire: Shortbow          |    91 |   133 |   406 |       ||   630
         Orcbow            |       |       |       |   188 ||   188
    Use: Scroll            |       |     4 |     3 |     3 ||    10
         Potion            |       |     1 |     4 |     4 ||     9
 Armour: Leather armour    |    12 |    23 |   104 |    35 ||   174
  Dodge: Dodged            |    21 |    56 |   237 |   112 ||   426
